 Dungeon Crawl Stone Soup version 0.32-a0-18-g89e19f1974 (webtiles) character file.

Game seed: 4745617944730777314

1397 zenocrate the Sneak (level 8, -5/37 HPs)
             Began as a Vine Stalker Enchanter on Jan 17, 2024.
             Slain by a lemure (7 damage)
             ... led by Pikel
             ... on level 5 of the Dungeon.
             The game lasted 00:06:29 (5071 turns).

zenocrate the Sneak (Vine Stalker Enchanter)        Turns: 5071, Time: 00:06:30

Health: -5/37      AC:  4    Str: 17    XL:     8   Next: 69%
Magic:  0/12       EV: 14    Int: 15    God:
Gold:   264        SH:  0    Dex: 17    Spells: 1/11 levels left

rFire   . . .        b - +0 short sword (speed)
rCold   + . .        (no shield)
rNeg    . . .        u - +0 robe
rPois   .            (no helmet)
rElec   .            (no cloak)
rCorr   .            q - +0 pair of gloves
SInv    .            r - +0 pair of boots
Will    +....        (no amulet)
Stlth   ++++         k - ring of protection from cold
HPRegen 1.06/turn    p - +6 ring of strength
MPRegen 0.13/turn

%: guardian spirit
@: no status effects
A: fangs 3, regeneration 1, magic shield, antimagic bite, no potion heal 2
a: no special abilities


You were on level 5 of the Dungeon.
You visited 1 branch of the dungeon, and saw 5 of its levels.

You collected 264 gold pieces.

Inventory:

Hand Weapons
 a - a +1 dagger
 b - a +0 short sword of speed (weapon)
Missiles
 g - 21 boomerangs
 n - a throwing net
 s - 11 poisoned darts (quivered)
Armour
 q - a +0 pair of gloves (worn)
 r - a +0 pair of boots (worn)
 u - a +0 robe (worn)
Jewellery
 k - a ring of protection from cold (left hand)
 p - a +6 ring of strength (right hand)
 v - the amulet "Vaacumo" {Faith Dex+3}
   (You found it on level 5 of the Dungeon)

   [amulet of faith]

   Faith:     It allows you to gain divine favour quickly.
   Dex+3:     It affects your dexterity (+3).
 x - a +6 ring of strength
Wands
 t - a wand of paralysis (6)
Scrolls
 h - a scroll of vulnerability {unknown}
 i - a scroll of butterflies {unknown}
 j - 3 scrolls of immolation
 l - 2 scrolls of brand weapon {unknown}
 m - 3 scrolls of teleportation
 o - a scroll of fog {unknown}
 y - 4 scrolls of blinking {unknown}
 z - a scroll of revelation {unknown}
Potions
 c - a potion of invisibility
 d - a potion of enlightenment
 e - a potion of haste
 f - 4 potions of might
 w - a potion of cancellation {unknown}


   Skills:
 - Level 1.3 Fighting
 + Level 4.0 Short Blades
 + Level 4.0 Dodging
 + Level 6.8 Stealth
 - Level 2.3 Spellcasting
 + Level 5.4 Hexes
 - Level 3.0 Ice Magic
 + Level 2.7 Evocations


You had one spell level left.
You knew the following spells:

 Your Spells              Type           Power      Damage    Failure   Level
a - Ensorcelled Hibernat  Hex/Ice        28%        N/A       6%          2
b - Confusing Touch       Hex            18%        N/A       7%          3
c - Tukima's Dance        Hex            18%        N/A       7%          3
x - Blink                 Tloc           2%         N/A       32%         2

Your spell library contained the following spells:

 Spells                   Type           Power      Damage    Failure   Level
 Magic Dart               Conj           4%         1d3       22%         1
 Frozen Ramparts          Ice            20%        1d4       19%         3
 Dazzling Flash           Conj/Hex       18%        N/A       22%         3
 Call Imp                 Summ           2%         N/A       32%         2
 Cigotuvi's Dreadful Rot  Necr/Alch/Air  2%         N/A       32%         2
 Hailstorm                Conj/Ice       6%         3d5       34%         3
 Summon Ice Beast         Ice/Summ       6%         N/A       34%         3
 Metabolic Englaciation   Hex/Ice        7%         N/A       71%         5
 Ignite Poison            Fire/Alch      1%         N/A       91%         4
 Leda's Liquefaction      Alch/Erth      0%         N/A       91%         4
 Petrify                  Alch/Erth      1%         N/A       91%         4
 Freezing Cloud           Conj/Ice/Air   2%         6-21      98%         5
 Sculpt Simulacrum        Ice/Alch       3%         N/A       100%        6


Dungeon Overview and Level Annotations

Branches:
Dungeon (5/15)
 Temple: D:4-7

Altars:
Ashenzari
Fedhas
Hepliaklqana
Kikubaaqudgha
Trog
Zin

Shops:
D:2 !   D:5 (

Annotations:
D:4 3 runed translucent doors, Aldia's ghost, amateur FoHu; Curundu's ghost, amateur MiBe
D:5 Pikel


Innate Abilities, Weirdness & Mutations

You have razor-sharp teeth.
Your natural rate of healing is unusually fast.
When hurt, damage is shared between your health and your magic reserves.
Your bite disrupts and absorbs the magic of your enemies.
Potions cannot restore your health.


Message History

Unknown command.
Unknown command.
Unknown command.
Casting: Ensorcelled Hibernation (safe; 6% risk of failure)
Confirm with . or Enter, or press ? or * to list all spells.
Aiming: Ensorcelled Hibernation (safe; 6% risk of failure)
Press: ? - help, Shift-Dir - straight line, f/p - Pikel
Aim: Pikel, wielding a +2 whip of flaming and wearing a +0 robe (moderately wounded, chance to affect: 48%) Pikel resists with some effort.
Unknown command.
Unknown command.
You hit Pikel. You bite Pikel, but do no damage.
Pikel is moderately wounded.
Unknown command.
Unknown command.
You hit Pikel but do no damage.
Pikel is moderately wounded.
Pikel misses you. The lemure barely misses you.
Unknown command.
Unknown command.
Pikel hits you with a +2 whip of flaming.
* * * LOW HITPOINT WARNING * * *
Pikel burns you.
* * * LOW HITPOINT WARNING * * *
Unknown command.
Unknown command.
You barely miss Pikel.
Pikel is moderately wounded.
Unknown command.
Unknown command.
The lemure attacks as it pursues you! The lemure closely misses you.
Unknown command.
You hit Pikel. You bite Pikel, but do no damage.
Pikel is heavily wounded.
Pikel hits you with a +2 whip of flaming!
* * * LOW HITPOINT WARNING * * *
Pikel burns you.
* * * LOW HITPOINT WARNING * * *
The lemure hits you!
You die...

#.## ##...<#
#...#...#.
.## #....##
#...#...##
## ##....#
#...#...#.
#....#
##.###.#.[
##...#
##...###.
#...#
##.....#.#
######..##
#.#...#...
..........#
#.#####...
..##.##..@##
#.#...#...
.#.#..#K5#
##.....#.#
.....##55#
##...###.
.._....5.#
#####.##
#.....##†..#
#.## ..#.#.
#....# ##.#
.##. ......#
#.#
........#
#.#
........#
#).


You could see Pikel and 4 lemures.

Vanquished Creatures
  Grum (D:5)
  A black bear (D:3)
  An ogre (D:5)
  A wolf (D:5)
  2 phantoms
  A gnoll sergeant (D:5)
  3 scorpions (D:5)
  A howler monkey (D:4)
  A jelly (D:5)
  A gnoll bouda (D:5)
  5 hounds (D:5)
  3 iguanas
  Terence (D:2)
  12 gnolls
  5 adders
  A white imp (D:5)
  A dart slug (D:3)
  2 ribbon worms
  7 orcs
  2 bats
  4 endoplasms
  3 giant cockroaches
  12 goblins
  7 hobgoblins
  9 jackals
  A quokka (D:2)
  11 ball pythons
  A frilled lizard (D:2)
  6 kobolds
  6 rats
112 creatures vanquished.

Notes
Turn   | Place    | Note
-------+----------+-------------------------------------------
     0 | D:1      | zenocrate the Vine Stalker Enchanter began the quest for
                  | the Orb.
     0 | D:1      | Reached XP level 1. HP: 9/9 MP: 4/4
    83 | D:1      | Reached skill level 1 in Short Blades
   304 | D:1      | Reached XP level 2. HP: 13/13 MP: 6/6
   307 | D:1      | Learned a level 2 spell: Ensorcelled Hibernation
   792 | D:1      | Reached XP level 3. HP: 16/16 MP: 7/7
   796 | D:1      | Learned a level 3 spell: Confusing Touch
  1047 | D:2      | Reached skill level 4 in Stealth
  1065 | D:2      | Reached skill level 1 in Ice Magic
  1364 | D:2      | Reached XP level 4. HP: 17/21 MP: 3/8
  1460 | D:2      | Found Unai's Distillery.
  1465 | D:2      | Noticed Terence
  1469 | D:2      | Killed Terence
  2273 | D:3      | Noticed a phantom
  2291 | D:3      | Killed a phantom
  2292 | D:3      | Reached XP level 5. HP: 24/24 MP: 9/9
  2394 | D:3      | Found a faded altar of an unknown god.
  2438 | D:3      | Found a bloodstained altar of Trog.
  2442 | D:3      | Found a glowing silver altar of Zin.
  2447 | D:3      | Noticed a black bear
  2468 | D:3      | Killed a black bear
  2469 | D:3      | Reached XP level 6. HP: 9/28 MP: 0/10
  2476 | D:3      | Learned a level 3 spell: Tukima's Dance
  3028 | D:4      | Reached skill level 5 in Stealth
  3089 | D:4      | Found a runed translucent gate.
  3089 | D:4      | Found a runed translucent gate.
  3089 | D:4      | Found a runed translucent gate.
  3090 | D:4      | Noticed Curundu's ghost (amateur MiBe)
  3091 | D:4      | Noticed Aldia's ghost (amateur FoHu)
  3266 | D:4      | Reached skill level 1 in Fighting
  3266 | D:4      | Reached XP level 7. HP: 31/33 MP: 11/11
  3356 | D:4      | Learned a level 2 spell: Blink
  3409 | D:4      | Found a hazy altar of Hepliaklqana.
  3577 | D:5      | Entered Level 5 of the Dungeon
  3579 | D:5      | Found an ancient bone altar of Kikubaaqudgha.
  3784 | D:5      | Identified the amulet "Vaacumo" {Faith Dex+3}
  3904 | D:5      | Found Kiatse's Hydra Hut.
  3905 | D:5      | Noticed a five-headed hydra
  3952 | D:5      | Found a blossoming altar of Fedhas.
  3983 | D:5      | Reached skill level 1 in Evocations
  4429 | D:5      | Reached skill level 6 in Stealth
  4429 | D:5      | Gained mutation: You have razor-sharp teeth. [Vine Stalker
                  | growth]
  4429 | D:5      | Reached XP level 8. HP: 37/37 MP: 6/12
  4607 | D:5      | Reached skill level 5 in Hexes
  4683 | D:5      | Noticed Grum
  4695 | D:5      | Killed Grum
  5041 | D:5      | Found a broken altar of Ashenzari.
  5045 | D:5      | Noticed Pikel
  5071 | D:5      | Slain by a lemure

Illustrated notes

Levels and vault maps discovered:
D:1:      dpeg_arrival_shrine, layout_basic
D:2:      layout_basic, serial_shops, shop_statue, grunt_ministairs_12,
          nrook_mini_backslash, uniq_terence
D:3:      layout_rooms, old_standard_altar, general_overflow_altar,
          basic_ecumenical_altar
D:4:      layout_basic, lemuel_doored_altar, gammafunk_ghost_cemetery
D:5:      nicolae_cairo_tiling, layout_cave_pods, mainiacjoe_overflow_alcove_1,
          mainiacjoe_overflow_chevrons, mainiacjoe_overflow_small_starburst,
          serial_gnoll_camp, gnoll_camp_medium_02, gnoll_camp_mini_hut,
          grums_kennel, doesnt_shop_hydraphobe, uniq_pikel

Skill      XL: |  1  2  3  4  5  6  7  8 |
---------------+-------------------------+-----
Short Blades   | 1 2 3 4 |  4.0
Stealth        | 4 5 6 |  6.8
Ice Magic      | 1 2 3 |  3.0
Dodging        | 2 3 4 |  4.0
Hexes          | 4 5 |  5.4
Fighting       | 1 |  1.3
Evocations     | 1 2 |  2.7
Spellcasting   | |  2.3

Action                     |  1- 3 |  4- 6 |  7- 9 || total
---------------------------+-------+-------+-------++-------
  Melee: Dagger            |   104 |   116 |       ||   220
         Bite              |    22 |    38 |    46 ||   106
         Punch             |       |     1 |     2 ||     3
         Short sword       |       |    10 |   169 ||   179
  Throw: Dart              |       |     2 |       ||     2
   Cast: Ensorcelled Hiber |     7 |    22 |    49 ||    78
         Confusing Touch   |       |     3 |     2 ||     5
  Evoke: Wand              |       |       |     4 ||     4
    Use: Scroll            |       |     5 |     2 ||     7
         Potion            |       |       |     1 ||     1
   Stab: Sleeping          |    11 |    19 |    21 ||    51
         Confused          |       |     3 |       ||     3
         Paralysed         |       |       |     3 ||     3
 Armour: Robe              |    53 |    64 |    81 ||   198
  Dodge: Dodged            |    58 |    93 |   100 ||   251

Table legend: (Time is in decaauts)
 A = Elapsed time spent in this place.
 B = Non-inter-level travel time spent in this place.
 C = Inter-level travel time spent in this place.
 D = Time resting spent in this place.
 E = Time spent auto-exploring this place.
 F = Levels seen in this place.
 G = Mean time per level.
                   A        B        C        D        E       F      G
               +--------+--------+--------+--------+--------+-----+--------+
         Total |   4974 |   4907 |     67 |      0 |   3986 |   5 |  994.8 |
       Dungeon |   4974 |   4907 |     67 |      0 |   3986 |   5 |  994.8 |
               +--------+--------+--------+--------+--------+-----+--------+

Top non-repeatable levels by time:
     D:5: 1422 daAuts
     D:2: 1196 daAuts
     D:1: 1023 daAuts
     D:3: 757 daAuts
     D:4: 573 daAuts
